 Dungeon Crawl Stone Soup version 0.28.0-53-g5a82cb258f (webtiles) character file.

Game seed: 9377313210411265210

63 GigaChad the Covered (level 3, 0/33 HPs)
             Began as a Minotaur Fighter on Aug 23, 2022.
             Slain by a hobgoblin (1 damage)
             ... on level 2 of the Dungeon on Aug 24, 2022.
             The game lasted 00:05:32 (1269 turns).

GigaChad the Covered (Minotaur Fighter)             Turns: 1269, Time: 00:05:32

Health: 0/33       AC:  7    Str: 22    XL:     3   Next: 87%
Magic:  2/2        EV:  9    Int:  5    God:
Gold:   57         SH:  4    Dex:  9    Spells: 2/2 levels left

rFire   . . .      SeeInvis .   a - +0 long sword
rCold   . . .      Faith    .   c - +0 buckler
rNeg    . . .      Spirit   .   b - +0 scale mail
rPois   .          Reflect  .   (helmet restricted)
rElec   .          Harm     .   (no cloak)
rCorr   .          Rampage  .   (no gloves)
Will    .....                   (no boots)
Stlth   ..........              (no amulet)
HPRegen 0.11/turn               (no ring)
MPRegen 0.08/turn               (no ring)

@: slowed, very slow
A: horns 2, retaliatory headbutt
a: no special abilities


You were on level 2 of the Dungeon.
You visited 1 branch of the dungeon, and saw 2 of its levels.

You collected 57 gold pieces.

Inventory:

Hand Weapons
 a - a +0 long sword (weapon)
Missiles
 g - a throwing net (quivered)
Armour
 b - a +0 scale mail (worn)
 c - a +0 buckler (worn)
Scrolls
 e - a scroll of teleportation
 h - a scroll of summoning
 i - 3 scrolls of identify
Potions
 d - a potion of might
 f - a potion of haste {unknown}


   Skills:
 + Level 4.2 Fighting
 + Level 3.0 Long Blades
 + Level 4.3 Armour
 + Level 1.0 Dodging
 + Level 4.1 Shields


You had 2 spell levels left.
You didn't know any spells.
Your spell library was empty.

Dungeon Overview and Level Annotations

Branches:
Dungeon (2/15)

Altars:

Annotations:
D:2 Natasha, Sigmund


Innate Abilities, Weirdness & Mutations

You have a pair of horns on your head.
You reflexively headbutt those who attack you in melee.


Message History

You feel less confused. You block the adder's attack.
The hobgoblin barely misses you. The adder bites you but does no damage.
The hobgoblin hits you.
You barely miss the adder. Your headbutt misses the adder.
You block the frilled lizard's attack. The adder bites you but does no damage.
The hobgoblin hits you. The frilled lizard bites you.
You slash the adder! You headbutt the adder.
You kill the adder!
Natasha casts a spell at you.
You feel yourself slow down. The goblin hits you but does no damage.
The hobgoblin closely misses you.
Sigmund hits you from afar with a +0 scythe.
The frilled lizard bites you but does no damage.
Natasha casts a spell at you. The magic dart hits you!
The goblin hits you but does no damage.
Your Dodging skill increases to level 1!
The hobgoblin hits you but does no damage.
Natasha mumbles some strange words.
The goblin hits you but does no damage.
Sigmund hits you from afar with a +0 scythe!
* * * LOW HITPOINT WARNING * * *
The hobgoblin hits you.
* * * LOW HITPOINT WARNING * * *
Unknown command.
Unknown command.
You closely miss the frilled lizard. You block the frilled lizard's attack.
The goblin hits you but does no damage.
The hobgoblin hits you but does no damage.
The crimson imp blinks!
Sigmund hits you from afar with a +0 scythe.
* * * LOW HITPOINT WARNING * * *
The frilled lizard bites you but does no damage.
The goblin hits you but does no damage.
The hobgoblin hits you but does no damage.
Natasha stares at you and mumbles some strange words.
You resist with significant effort.
You barely miss the frilled lizard. The frilled lizard closely misses you.
The goblin hits you but does no damage. Sigmund barely misses you.
The hobgoblin hits you.
You die...

.g[.#...##.# #.#.##
.# .#.#.#.##.#
##...## ..
....#....###......
.##.#.#.##.....#....
.. ....##.####..##.
#. #K#.##......####
##.###.##@#.##..#####
.......gg.5....##
##...#@l.....## ...
#..h......# #
#.........#
#.........#
#.........#
#........[..
#.........##
#....$....#


You could see Sigmund, Natasha, a crimson imp (summoned), a hobgoblin, a goblin,
a kobold and a frilled lizard.

Vanquished Creatures
  2 adders (D:2)
  A dart slug (D:2)
  5 ball pythons
  An endoplasm (D:1)
  3 giant cockroaches (D:1)
  3 goblins (D:1)
  5 hobgoblins (D:1)
  2 quokkas
  5 bats
  4 frilled lizards
  4 kobolds (D:1)
  10 rats
45 creatures vanquished.

Notes
Turn   | Place    | Note
-------+----------+-------------------------------------------
     0 | D:1      | GigaChad the Minotaur Fighter began the quest for the Orb.
     0 | D:1      | Reached XP level 1. HP: 19/19 MP: 0/0
   140 | D:1      | Reached XP level 2. HP: 26/27 MP: 1/1
   696 | D:1      | Reached XP level 3. HP: 33/33 MP: 2/2
  1257 | D:2      | Noticed Sigmund
  1257 | D:2      | Noticed Natasha
  1267 | D:2      | Reached skill level 1 in Dodging
  1267 | D:2      | HP: 1/33 [hobgoblin (2)]
  1269 | D:2      | Slain by a hobgoblin

Illustrated notes

Levels and vault maps discovered:
D:1:      evilmike_arrival_plus, layout_rooms, minmay_rat_gold_closets
D:2:      layout_rooms, minmay_diced_spiral, uniq_sigmund, uniq_natasha

Skill      XL: |  1  2  3 |
---------------+----------+-----
Shields        | 4 |  4.1
Fighting       | 4 |  4.2
Armour         | 4 |  4.3
Long Blades    | 3 |  3.0
Dodging        | 1 |  1.0

Action                   || total
-------------------------++-------
Melee: Long sword        ||    91
       Headbutt          ||     8
  Use: Scroll            ||     3
Armor: Scale mail        ||    75
Dodge: Dodged            ||    70
Block: Buckler           ||    32
